 Dungeon Crawl Stone Soup version 0.19.0 (webtiles) character file.

223 Cacophonie the Cudgeler (level 5, -1/41 HPs)
             Began as a Demonspawn Abyssal Knight on Nov 11, 2016.
             Was a Believer of Lugonu.
             Slain by a worker ant (3 damage)
             ... on level 4 of the Dungeon.
             The game lasted 00:17:00 (3069 turns).

Cacophonie the Cudgeler (Demonspawn Abyssal Knight) Turns: 3069, Time: 00:17:01

Health: -1/41      AC:  7    Str: 14    XL:     5   Next: 66%
Magic:  0/6        EV: 10    Int: 18    God:    Lugonu [**....]
Gold:   105        SH:  9    Dex: 12    Spells: 0 memorised, 4 levels left

rFire  . . .     SeeInvis .     a - +1 mace
rCold  . . .     Gourm    .     w - +0 ring mail
rNeg   + . .     Faith    .     (no shield)
rPois  .         Spirit   +     y - +0 helmet
rElec  .         Reflect  +     (no cloak)
rCorr  .         Harm     .     (no gloves)
MR     .....                    n - +0 pair of boots
Stlth  +.........               z - +5 amulet of reflection
                                (no ring)
                                t - ring of positive energy

@: brilliant, lethally poisoned (-1 -> -12)
A: claws 1, large bone plates 1, magic shield, rot immunity
a: Depart the Abyss, Bend Space, Renounce Religion


You were on level 4 of the Dungeon.
You worshipped Lugonu.
Lugonu was pleased with you.
You were not hungry.

You visited 1 branch of the dungeon, and saw 4 of its levels.
You visited the Abyss 1 time.

You collected 105 gold pieces.


Message History

The worker ant waves its antennae!
A worker ant is nearby!!!
You feel sick!
You feel sick! Space bends around you!!!
You blink! * * * don't die
* * * You feel sick!
The worker ant bites you! * * * don't die
* * * You are lethally poisoned!!!
The worker ant poisons you!!!
Unknown command! * * * don't die
* * * You feel sick!
There is an open door here!
It was a potion of brilliance!
You feel clever all of a sudden! * * * don't die
* * * You feel sick!
The worker ant bites you! rip

##################...##.####.#
#....................##.#..#.#
#.#################..##.#..#.####
#......[................#..#.#...
#............#####..#......#.#...
#.........##.....#..#.####.#.#...
#.........##.....#..#.#..#.#.#)..
#.#####.#.##....a#..#.#......)...
#.......#.#....#@#..#.##.#.#.##..
#..######.#.........#....#.#.##..
#......##+#......>..#..........#+
#..........................#.....
.#...............#.##.######.....
...####.....#...##.##+#****#.....
.....#*#..#......,.#,,,,,,,#.....
.....# #..#.##...,##,,,,,,,#.....
.....# *,,#.*#...,**,,,<,,,#.....


You could see a worker ant.

Inventory:

Hand Weapons
 a - a +1 mace (weapon)
Missiles
 f - 36 stones (quivered)
 m - 13 poisoned needles
 o - 3 curare-tipped needles
 x - 4 tomahawks
Armour
 b - a +0 leather armour
 n - a +0 pair of boots (worn)
 w - a +0 ring mail (worn)
 y - a +0 helmet (worn)
 C - a +0 helmet
Jewellery
 g - an uncursed amulet of guardian spirit
 i - a -3 ring of protection
 k - an uncursed amulet of inaccuracy
 t - a ring of positive energy (left claw)
 z - a +5 amulet of reflection (around neck)
Scrolls
 r - a scroll of magic mapping
 s - a scroll of identify
 v - a scroll of teleportation
Potions
 e - 2 potions of brilliance
 j - a potion of curing {unknown}
 l - a potion of heal wounds {unknown}
 p - a potion of mutation {unknown}
 A - a potion of agility {unknown}
 B - a potion of flight {unknown}
Books
 q - a book of Cantrips

   Spells                             Type                      Level
   a - Confusing Touch                Hexes                        1
   b - Animate Skeleton               Necromancy                   1
   c - Summon Small Mammal            Summoning                    1
   d - Apportation                    Translocation                1
Comestibles
 c - 3 bread rations
 d - 2 beef jerkies
 h - 10 chunks of flesh
 u - 2 meat rations


   Skills:
 - Level 3.0 Fighting
 + Level 5.5 Maces & Flails
 - Level 1.7 Armour
 - Level 0.8 Dodging
 - Level 2.4 Invocations


You had 4 spell levels left.
You didn't know any spells.


Innate Abilities, Weirdness & Mutations

You have sharp fingernails.
You are partially covered in large bone plates. (SH +4)
When hurt, damage is shared between your health and your magic reserves.
You are immune to rotting.

Dungeon Overview and Level Annotations

Branches:
Dungeon (4/15)
 Temple: D:4-7

Altars:
Gozag
Xom

Vault maps used:
D:1:      denvon_arrival_planthouse
D:3:      nicolae_overflow_crystal_walls, nicolae_gozag_seed_capital
D:4:      first_bread, bloody_trog, uniq_robin, uniq_crazy_yiuf_cottage

Vanquished Creatures
  A hound (D:4)
  A centaur skeleton (D:4)
  A worker ant (D:4)
  A hound skeleton (D:4)
  Robin (D:4)
  A gnoll (D:1)
  A howler monkey skeleton (D:4)
  An adder (D:2)
  A worm (D:2)
  A dart slug (D:2)
  A leopard gecko (D:1)
  5 orcs (D:3)
  5 giant cockroaches
  13 goblins
  6 hobgoblins
  6 jackals (D:3)
  7 kobolds
  2 ball pythons
  6 bats
  7 frilled lizards
  7 rats
75 creatures vanquished.

Notes
Turn   | Place    | Note
-------+----------+-------------------------------------------
     0 | Abyss:1  | Cacophonie the Demonspawn Abyssal Knight began the quest for the Orb.
     0 | Abyss:1  | Reached XP level 1. HP: 18/18 MP: 2/2
    12 | Abyss:1  | Found a viscous altar of Jiyva.
    45 | Abyss:1  | Noticed an apocalypse crab
    46 | Abyss:1  | Noticed a tentacled starspawn
    48 | D:1      | Escaped the Abyss
   269 | D:1      | Reached skill level 2 in Maces & Flails
   463 | D:1      | Gained mutation: You are partially covered in large bone plates. (SH +4) [demonic ancestry]
   463 | D:1      | Reached XP level 2. HP: 24/24 MP: 3/3
   577 | D:1      | Reached * piety under Lugonu
   577 | D:1      | Reached skill level 3 in Maces & Flails
   945 | D:1      | Gained mutation: You are immune to rotting. [demonic ancestry]
   945 | D:1      | Reached XP level 3. HP: 27/29 MP: 4/4
  1963 | D:3      | Reached ** piety under Lugonu
  1963 | D:3      | Gained mutation: When hurt, damage is shared between your health and your magic reserves. [demonic ancestry]
  1963 | D:3      | Reached XP level 4. HP: 35/35 MP: 5/5
  1997 | D:3      | Reached skill level 4 in Maces & Flails
  2195 | D:3      | Found an opulent altar of Gozag.
  2317 | D:3      | Found a shimmering altar of Xom.
  2691 | D:4      | Gained mutation: You have sharp fingernails. [demonic ancestry]
  2691 | D:4      | Reached XP level 5. HP: 39/41 MP: 3/6
  2908 | D:4      | Noticed Robin
  2953 | D:4      | Killed Robin
  2953 | D:4      | Reached skill level 5 in Maces & Flails
  3069 | D:4      | HP: 2/41 [poisoned by a worker ant]
  3069 | D:4      | Slain by a worker ant
